Map: 赛博森林-天梯版

Players

Neeb - Winner!

  • Race: Protoss Protoss

ShoWTimE

  • Race: Protoss Protoss

Event: WESG 2018 Grand Finals

VOD

Have the link to the VOD?

Description

Time

  • Played on: March 11, 2019, 4:29 a.m.
  • Length: 11:16

All games in this series

Show
View Real Time Build Order
Export as new Build Order

Neeb Protoss - Winner!

Build Orders:  

Get SALT Encoding   

  12  0:00  Probe  
  13  0:12  Probe  
  14  0:17  Pylon  
  14  0:24  Probe  
  15  0:32  Probe  
  15  0:37  Gateway  
  15  0:40  Probe  
  16  0:46  Assimilator  
  17  0:51  Probe  
  18  1:03  Probe  
  19  1:15  Probe  
  20  1:21  Zealot, Gateway  
  20  1:24  Cybernetics Core  
  20  1:27  Pylon  
  22  1:38  Pylon  
  17  1:54  Stalker  
  22  2:07  Assimilator  
  24  2:11  Assimilator  
  24  2:15  Assimilator  
  24  2:23  Adept  
  28  2:34  Shield Battery  
  28  2:45  Gateway  
  27  2:59  Shield Battery  
  26  3:14  Probe  
  26  3:17  Robotics Facility  
  25  3:24  Stalker  
  25  3:26  Probe  
  24  3:36  Cybernetics Core  
  24  4:01  Pylon x2  
  24  4:02  Pylon  
  23  4:13  Immortal  
  25  4:39  Pylon  
  25  4:41  Stalker  
  27  5:14  Immortal  
  29  5:33  Shield Battery  
  29  5:38  Probe  
  29  5:41  Shield Battery  
  30  5:48  Shield Battery  
  26  6:13  Nexus  
  25  7:37  Immortal  
  28  7:56  Probe  
  29  8:08  Probe  
  25  8:26  Stalker  
  27  8:37  Warp Prism  
  29  8:43  Probe  
  30  8:55  Probe  
  31  9:04  Warp Gate  
  31  9:06  Gateway  
  31  9:11  Stalker  
  33  9:20  Immortal  
  37  9:36  Sentry  
  37  9:37  Probe  
  38  9:39  Assimilator  
  40  9:49  Probe  
  41  10:02  Probe  
  42  10:14  Probe  
  43  10:21  Gateway  
  43  10:30  Nexus  
  43  10:36  Immortal  
  46  10:57  Stalker  
Show
View Real Time Build Order
Export as new Build Order

ShoWTimE Protoss 

Build Orders:  

Get SALT Encoding   

  12  0:01  Probe  
  13  0:13  Probe  
  14  0:18  Pylon  
  14  0:25  Probe  
  15  0:37  Pylon, Probe  
  16  0:49  Probe  
  17  0:55  Gateway  
  17  1:00  Gateway  
  17  1:13  Forge  
  17  1:25  Pylon  
  17  1:34  Zealot  
  17  1:38  Zealot  
  17  1:44  Pylon  
  19  1:53  Pylon  
  21  1:54  Probe  
  21  1:57  Zealot  
  21  2:04  Zealot  
  26  2:17  Photon Cannon  
  26  2:19  Photon Cannon  
  25  2:25  Pylon  
  25  2:32  Zealot  
  27  2:41  Zealot  
  29  2:53  Pylon  
  27  2:59  Zealot  
  27  3:08  Zealot  
  29  3:19  Photon Cannon  
  29  3:23  Photon Cannon  
  29  3:36  Photon Cannon  
  29  3:38  Zealot  
  29  3:46  Pylon  
  25  4:08  Photon Cannon  
  21  4:10  Photon Cannon  
  21  4:12  Photon Cannon  
  21  4:18  Photon Cannon  
  21  4:29  Photon Cannon  
  21  4:30  Zealot  
  21  4:37  Photon Cannon  
  21  4:46  Photon Cannon  
  21  4:52  Photon Cannon  
  21  4:55  Zealot  
  21  5:04  Zealot  
  23  5:08  Probe  
  23  5:13  Pylon  
  24  5:14  Zealot  
  22  5:26  Photon Cannon  
  24  5:37  Photon Cannon  
  24  5:38  Zealot  
  26  5:45  Photon Cannon  
  26  5:54  Photon Cannon  
  24  5:59  Zealot  
  22  6:06  Zealot  
  22  6:09  Probe  
  25  6:20  Photon Cannon  
  25  6:22  Zealot  
  25  6:32  Photon Cannon  
  27  6:38  Zealot  
  29  6:44  Zealot  
  29  6:54  Probe  
  32  7:01  Photon Cannon  
  32  7:11  Zealot  
  32  7:14  Zealot  
  32  7:15  Probe  
  37  7:19  Cybernetics Core  
  37  7:26  Assimilator  
  37  7:31  Probe  
  38  7:43  Photon Cannon  
  38  7:45  Probe  
  39  7:55  Zealot  
  39  7:57  Probe  
  40  8:03  Photon Cannon  
  39  8:16  Stalker  
  39  8:18  Adept  
  37  8:21  Assimilator  
  33  8:38  Pylon  
  31  8:48  Nexus  
  31  8:49  Warp Gate  
  31  8:52  Stalker  
  33  9:03  Shield Battery  
  33  9:06  Shield Battery  
  33  9:21  Stalker  
  33  9:39  Shield Battery  
  33  9:44  Shield Battery  
  31  10:05  Gateway  
  28  10:18  Gateway  
  28  10:21  Gateway  
  28  10:35  Gateway  
  28  10:47  Pylon  
  23  11:00  Sentry  
  17  11:12  Stalker  
Tags
 
Add a new tag
Caveats
  • Supply blocks, unpowered buildings, or Contaminate may cause inaccurate times.
  • Supply counts are checked every 10 seconds.